 Dungeon Crawl Stone Soup version 0.28.0-47-ge53b351184 (webtiles) character file.

Game seed: 8715251447582305274

800 Exodus22XD the Chopper (level 7, -2/61 HPs)
             Began as a Minotaur Fighter on May 8, 2022.
             Succumbed to a killer bee's poison
             ... on level 5 of the Dungeon.
             The game lasted 00:04:17 (4043 turns).

Exodus22XD the Chopper (Minotaur Fighter)           Turns: 4043, Time: 00:04:18

Health: -2/61      AC:  7    Str: 23    XL:     7   Next: 59%
Magic:  6/6        EV:  9    Int:  5    God:
Gold:   146        SH:  4    Dex:  9    Spells: 6/6 levels left

rFire   . . .      SeeInvis .   a - +0 war axe
rCold   . . .      Faith    .   c - +0 buckler
rNeg    . . .      Spirit   .   b - +0 scale mail
rPois   .          Reflect  .   (helmet restricted)
rElec   .          Harm     .   (no cloak)
rCorr   .          Rampage  .   (no gloves)
Will    .....                   (no boots)
Stlth   ..........              (no amulet)
HPRegen 0.20/turn               (no ring)
MPRegen 0.10/turn               (no ring)

@: mighty, lethally poisoned (-2 -> -26), about to teleport
A: horns 2, retaliatory headbutt
a: no special abilities


You were on level 5 of the Dungeon.
You visited 1 branch of the dungeon, and saw 5 of its levels.

You collected 146 gold pieces.

Inventory:

Hand Weapons
 a - a +0 war axe (weapon)
Armour
 b - a +0 scale mail (worn)
 c - a +0 buckler (worn)
Scrolls
 e - 2 scrolls of enchant weapon
 f - a scroll of teleportation
 g - a scroll of amnesia {unknown}
 h - a scroll of fog
Potions
 d - a potion of might
 i - 2 potions of flight


   Skills:
 + Level 5.6 Fighting
 + Level 7.4 Axes
 + Level 6.2 Armour
 + Level 4.9 Shields


You had 6 spell levels left.
You didn't know any spells.
Your spell library contained the following spells:

 Spells                   Type           Power      Damage    Failure   Level
 Sandblast                Erth           0%         2d4       85%         1
 Passwall                 Tmut/Erth      0%         N/A       94%         2
 Ozocubu's Armour         Ice            0%         N/A       99%         3
 Stone Arrow              Conj/Erth      0%         3d7       99%         3
 Metabolic Englaciation   Hex/Ice        0%         N/A       100%        5
 Simulacrum               Ice/Necr       0%         N/A       100%        6


Dungeon Overview and Level Annotations

Branches:
Dungeon (5/15)
 Temple: D:4-7

Altars:


Innate Abilities, Weirdness & Mutations

You have a pair of horns on your head.
You reflexively headbutt those who attack you in melee.


Message History

The killer bee stings you.
* * * LOW HITPOINT WARNING * * *
You are more poisoned.
The killer bee poisons you!
You feel much better.
You feel very sick. The killer bee stings you.
* * * LOW HITPOINT WARNING * * *
You are more poisoned.
The killer bee poisons you! The killer bee completely misses you.
The killer bee misses you. The killer bee closely misses you.
As you read the scroll of teleportation, it crumbles to dust.
You feel strangely unstable.
* * * LOW HITPOINT WARNING * * *
You feel extremely sick. The killer bee stings you!
* * * LOW HITPOINT WARNING * * *
The killer bee stings you.
* * * LOW HITPOINT WARNING * * *
You are more poisoned.
The killer bee poisons you! The killer bee barely misses you.
You furiously retaliate!
You headbutt the killer bee!
The killer bee stings you but does no damage.
Okay, then.
You feel much better.
* * * LOW HITPOINT WARNING * * *
You feel extremely sick. The killer bee stings you.
* * * LOW HITPOINT WARNING * * *
You are more poisoned.
The killer bee poisons you! The killer bee stings you.
* * * LOW HITPOINT WARNING * * *
The killer bee stings you.
* * * LOW HITPOINT WARNING * * *
The killer bee stings you but does no damage.
As you read the scroll of fear, it crumbles to dust.
You assume a fearsome visage.
The killer bee looks frightened! x2
* * * LOW HITPOINT WARNING * * *
You feel very sick.
You die...

... ..# #.......#
...# ..# ##......#
..... ##.##
#...#...# ..... ...#
##.###...# ..y.
...####....#....
#y.##..##...........
#.†#.####.....###..
#...#....###.#
#..@.....# ##
#........(...
#..........#..#
#.....#...##....
##..###..## .... ###
#... ### ...#.
..##.#


You could see 2 killer bees.

Vanquished Creatures
  A water moccasin (D:5)
  A necrophage (D:4)
  A phantom (D:5)
  A scorpion (D:5)
  2 killer bees (D:5)
  A jelly (D:5)
  An orc priest (D:3)
  A scorpion zombie (D:5)
  An orc wizard (D:3)
  2 hound skeletons (D:4)
  10 gnolls
  5 adders
  A white imp (D:5)
  An adder skeleton (D:4)
  4 worms
  A dart slug (D:3)
  8 orcs
  7 bats
  3 endoplasms
  2 giant cockroaches
  10 hobgoblins
  4 jackals (D:4)
  5 quokkas
  6 ball pythons
  3 frilled lizards
  6 goblins
  7 kobolds
  6 rats
101 creatures vanquished.

Vanquished Creatures (others)
  5 plants (D:3)
5 creatures vanquished.

Grand Total: 106 creatures vanquished

Notes
Turn   | Place    | Note
-------+----------+-------------------------------------------
     0 | D:1      | Exodus22XD the Minotaur Fighter began the quest for the
                  | Orb.
     0 | D:1      | Reached XP level 1. HP: 19/19 MP: 0/0
   149 | D:1      | Reached XP level 2. HP: 27/27 MP: 1/1
   604 | D:2      | Reached XP level 3. HP: 33/33 MP: 2/2
   608 | D:2      | Reached skill level 3 in Axes
  1111 | D:2      | Reached XP level 4. HP: 40/40 MP: 3/3
  1562 | D:2      | You fall into a shaft and drop 1 floor!
  1693 | D:3      | Reached skill level 4 in Axes
  1888 | D:3      | Reached XP level 5. HP: 25/47 MP: 4/4
  2413 | D:3      | Reached skill level 5 in Axes
  2902 | D:3      | Reached XP level 6. HP: 51/55 MP: 5/5
  3179 | D:4      | Reached skill level 5 in Armour
  3214 | D:4      | Reached skill level 5 in Fighting
  3214 | D:4      | Reached skill level 6 in Axes
  3522 | D:5      | Entered Level 5 of the Dungeon
  3574 | D:5      | Noticed a water moccasin
  3577 | D:5      | Reached XP level 7. HP: 36/61 MP: 6/6
  3897 | D:5      | Reached skill level 7 in Axes
  4040 | D:5      | HP: 2/61 [killer bee (7)]
  4043 | D:5      | Succumbed to a killer bee's poison

Illustrated notes

Levels and vault maps discovered:
D:1:      roderic_chinese_lattice_arrival, layout_basic
D:2:      layout_loops_ring, basic_ecumenical_altar
D:3:      layout_basic, serial_park_tiny_2, chequers_big_river
D:4:      layout_cave_pools
D:5:      layout_cave_pools

Skill      XL: |  1  2  3  4  5  6  7 |
---------------+----------------------+-----
Armour         | 4 5 6 |  6.2
Shields        | 4 |  4.9
Fighting       | 4 5 |  5.6
Axes           | 3 4 5 6 7 |  7.4

Action                   |  1- 3 |  4- 6 |  7- 9 || total
-------------------------+-------+-------+-------++-------
Melee: War axe           |    60 |   153 |    26 ||   239
       Headbutt          |    11 |    25 |     4 ||    40
  Use: Scroll            |     3 |     5 |     2 ||    10
       Potion            |       |       |     3 ||     3
Armor: Scale mail        |    25 |    63 |    14 ||   102
Dodge: Dodged            |    25 |    66 |    18 ||   109
Block: Buckler           |    17 |    37 |     8 ||    62
